 Dungeon Crawl Stone Soup version 0.25-a0-890-g62861fb (webtiles) character file.

Game seed: 13642362008760388296, levelgen mode: deterministic

135 BlueFish the Insei (level 5, -1/34 HPs)
             Began as an Octopode Transmuter on May 10, 2020.
             Slain by a worker ant (8 damage)
             ... on level 3 of the Dungeon.
             The game lasted 00:04:56 (2375 turns).

BlueFish the Insei (Octopode Transmuter)            Turns: 2375, Time: 00:04:57

Health: -1/34      AC:  1    Str: 10    XL:     5   Next: 18%
Magic:  8/8        EV: 13    Int: 16    God:
Gold:   106        SH:  0    Dex: 12    Spells: 2/8 levels left

rFire    . . .     SeeInvis .     - Unarmed
rCold    . . .     Gourm    .   (no shield)
rNeg     . . .     Faith    .   (helmet restricted)
rPois    .         Spirit   .   (no amulet)
rElec    .         Reflect  .   (no ring)
rCorr    .         Harm     .   (no ring)
MR       .....                  (no ring)
Stlth    +++.......             (no ring)
HPRegen  0.11/turn              (no ring)
MPRegen  0.11/turn              (no ring)
                                (no ring)
                                (no ring)

@: appendage (expiring)
A: almost no armour, stealthy swim, amphibious, 8 rings, constrict 8, tentacle
spike 3, camouflage 1, gelatinous body 1
a: End Transformation


You were on level 3 of the Dungeon.
You were not hungry.
One of your tentacles had a temporary spike.
You visited 1 branch of the dungeon, and saw 3 of its levels.

You collected 106 gold pieces.

Inventory:

Missiles
 a - 33 arrows
Jewellery
 i - an uncursed ring of fire {unknown}
Scrolls
 b - a scroll of enchant armour
 g - a scroll of fog
Potions
 e - a potion of brilliance {unknown}
 h - a potion of flight {unknown}
Comestibles
 c - 11 rations
 f - 2 chunks of flesh


   Skills:
 * Level 1.7 Fighting
 * Level 2.5 Dodging
 * Level 2.4 Stealth
 * Level 3.9 Unarmed Combat
 + Level 2.4 Spellcasting
 * Level 2.8 Transmutations


You had 2 spell levels left.
You knew the following spells:

 Your Spells              Type           Power        Failure   Level  Hunger
a - Beastly Appendage     Tmut           ##....       6%          1    #......
b - Sticks to Snakes      Tmut           ##......     9%          2    ###....
c - Spider Form           Tmut/Pois      #.........   32%         3    ###....

Your spell library contained the following spells:

 Spells                   Type           Power        Failure   Level  Hunger
 Ice Form                 Ice/Tmut       #.......     73%         4    #####..
 Blade Hands              Tmut           ##........   86%         5    ######.


Dungeon Overview and Level Annotations

Branches:
Dungeon (3/15)

Altars:
Ashenzari
Fedhas


Innate Abilities, Weirdness & Mutations

You cannot wear most types of armour.
You are very stealthy in the water. (Stealth+)
You are amphibious.
You can wear up to eight rings at the same time.
You can use your tentacles to constrict eight enemies at once.
Your skin changes colour to match your surroundings (Stealth+).
Your rubbery body absorbs attacks. (AC +1, EV +1)
One of your tentacles bears a large vicious spike.


Message History

You constrict the worker ant.
You feel sick. The worker ant bites you! The goblin hits you with a +0 club.
* * * LOW HITPOINT WARNING * * *
You tentacle-slap the goblin. Your grab misses the goblin.
Your tentacle spike misses the goblin.
Your squeeze misses the goblin.
The goblin is heavily wounded.
You constrict the worker ant, but do no damage.
The worker ant barely misses you. The goblin barely misses you.
You release your grip on the worker ant.
You feel sick. The worker ant closely misses you.
Your transformation is almost over.
You feel sick.
You tentacle-slap the worker ant. Your grab misses the worker ant.
The worker ant is almost dead.
The worker ant bites you.
* * * LOW HITPOINT WARNING * * *
The worker ant bites you.
* * * LOW HITPOINT WARNING * * *
You feel better. The worker ant bites you!
You die...

........
..... #..#
#..# #..#
#..# #.g#
##a# #@##
#..# #..#
##..##
#....##
#)....#
#.....#
#.....#
###.##.####


You could see a worker ant and a goblin.

Vanquished Creatures
  A crimson imp (D:3)
  3 gnolls (D:2)
  An adder (D:2)
  A worm (D:2)
  2 dart slugs
  2 leopard geckos
  2 ball pythons (D:3)
  5 bats
  4 giant cockroaches
  4 goblins
  6 hobgoblins
  10 kobolds
  A quokka (D:2)
  5 frilled lizards
  2 rats (D:1)
49 creatures vanquished.

Vanquished Creatures (collateral kills)
  A dart slug (D:1)
  2 goblins (D:1)
3 creatures vanquished.

Grand Total: 52 creatures vanquished

Notes
Turn   | Place    | Note
-------+----------+-------------------------------------------
     0 | D:1      | BlueFish the Octopode Transmuter began the quest for the
                  | Orb.
     0 | D:1      | Reached XP level 1. HP: 13/13 MP: 3/3
   379 | D:1      | Reached XP level 2. HP: 15/18 MP: 3/5
   383 | D:1      | Learned a level 2 spell: Sticks to Snakes
   724 | D:1      | Reached skill level 1 in Stealth
   987 | D:1      | Reached XP level 3. HP: 23/23 MP: 6/6
  1502 | D:2      | Reached XP level 4. HP: 25/28 MP: 5/7
  1781 | D:2      | Found a shattered altar of Ashenzari.
  2276 | D:3      | Found a blossoming altar of Fedhas.
  2298 | D:3      | Reached XP level 5. HP: 31/34 MP: 6/8
  2306 | D:3      | Learned a level 3 spell: Spider Form
  2375 | D:3      | Slain by a worker ant

Levels and vault maps discovered:
D:1:      dpeg_arrival_long_road, layout_loops_ring,
          minmay_misc_feat_more_columns, hangedman_decor_diamond_cutter
D:2:      layout_loops_cross, first_ration, evilmike_ruin_ashenzari
D:3:      layout_rooms, lemuel_round_altar, fedhas_altar_fruit_tree,
          nemelex_spade_bored_becter

Skill      XL: |  1  2  3  4 |
---------------+-------------+-----
Stealth        | 1 2 |  2.4
Fighting       | |  1.7
Dodging        | |  2.5
Unarmed Combat | |  3.9
Spellcasting   | |  2.4
Transmutations | |  2.8

Action                   |  1- 3 |  4- 6 || total
-------------------------+-------+-------++-------
Melee: Unarmed           |    62 |    54 ||   116
       Constrict         |    17 |    14 ||    31
       Tentacles         |    11 |     9 ||    20
       Kick              |    12 |    13 ||    25
       Punch             |     1 |       ||     1
 Cast: Beastly Appendage |    23 |    13 ||    36
       Sticks to Snakes  |     2 |       ||     2
  Use: Scroll            |     3 |     1 ||     4
       Potion            |       |     1 ||     1
 Stab: Sleeping          |     6 |     7 ||    13
  Eat: Chunk             |     2 |     3 ||     5
Armor: Skin              |     4 |     4 ||     8
Dodge: Dodged            |    32 |    25 ||    57

Table legend:
 A = Non-vault XP
 B = Vault XP
 C = Vault XP percentage of total XP
 D = Non-vault monster count
 E = Vault monster count
 F = Vault count percentage of total count
                 A         B        C        D         E       F
            +---------+---------+-------+---------+---------+-------
      Total |     194 |       0 |   0.0 |      52 |       0 |   0.0
            +---------+---------+-------+---------+---------+-------
        D:1 |      37 |       0 |   0.0 |      24 |       0 |   0.0
        D:2 |      97 |       0 |   0.0 |      23 |       0 |   0.0
        D:3 |      60 |       0 |   0.0 |       5 |       0 |   0.0
            +---------+---------+-------+---------+---------+-------
